 Dungeon Crawl Stone Soup version 0.29-a0-284-gf9362112df (webtiles) character file.

Game seed: 6716293019803173681

21 n8rtot the Chopper (level 2, 0/29 HPs)
             Began as an Ogre Gladiator on Mar 24, 2022.
             Was a Believer of Elyvilon.
             Slain by a scorpion (3 damage)
             ... on level 2 of the Dungeon.
             The game lasted 00:02:06 (1093 turns).

n8rtot the Chopper (Ogre Gladiator)                 Turns: 1093, Time: 00:02:07

Health: 0/29       AC:  3    Str: 17    XL:     2   Next: 87%
Magic:  2/2        EV: 10    Int:  9    God:    Elyvilon [**....]
Gold:   74         SH:  0    Dex: 10    Spells: 1/1 levels left

rFire   . . .      SeeInvis .   a - +0 war axe
rCold   . . .      Faith    .   (no shield)
rNeg    . . .      Spirit   .   b - +0 robe
rPois   .          Reflect  .   c - +0 hat
rElec   .          Harm     .   (no cloak)
rCorr   .          Rampage  .   (gloves unavailable)
Will    .....                   (boots unavailable)
Stlth   +.........              (no amulet)
HPRegen 0.09/turn               (no ring)
MPRegen 0.08/turn               (no ring)

@: lethally poisoned (0 -> -4)
A: large, unfitting armour, tough skin 1
a: Renounce Religion, Purification, Heal Other


You were on level 2 of the Dungeon.
You worshipped Elyvilon.
Elyvilon was pleased with you.
You visited 1 branch of the dungeon, and saw 2 of its levels.

You collected 74 gold pieces.

Inventory:

Hand Weapons
 a - a +0 war axe (weapon)
Missiles
 d - 3 throwing nets (quivered)
 e - a large rock
 f - 6 poisoned darts
 j - 6 curare-tipped darts
 m - 35 stones
Armour
 b - a +0 robe (worn)
 c - a +0 hat (worn)
Jewellery
 k - a ring of ice
Scrolls
 l - a scroll of silence {unknown}
Potions
 g - 3 potions of curing {unknown}
 h - a potion of attraction {unknown}
 i - a potion of invisibility {unknown}


   Skills:
 + Level 2.8 Fighting
 + Level 3.3 Axes
 + Level 2.1 Throwing
 + Level 3.2 Dodging


You had one spell level left.
You didn't know any spells.
Your spell library contained the following spells:

 Spells                   Type           Power      Damage    Failure   Level
 Shock                    Conj/Air       0%         1d3       38%         1
 Swiftness                Air            0%         N/A       77%         3
 Airstrike                Air            0%         N/A       99%         4


Dungeon Overview and Level Annotations

Branches:
Dungeon (2/15)

Altars:
Elyvilon


Innate Abilities, Weirdness & Mutations

You are too large for most types of armour.
You have tough skin. (AC +1)


Message History

The dart slug is severely wounded.
The dart slug launches a dart at you. The slug dart misses you.
You hit the dart slug but do no damage.
The dart slug is severely wounded.
The dart slug launches a dart at you. The slug dart misses you.
You hit the dart slug.
You kill the dart slug!
You see here a dart slug corpse.
No target in view!
You now have 57 gold pieces (gained 9).
You see here a dart slug corpse.
You now have 65 gold pieces (gained 8).
You now have 74 gold pieces (gained 9).
A bat comes into view.
A scorpion comes into view.
There are monsters nearby!
The bat hits you but does no damage. The bat closely misses you.
The bat misses you.
You closely miss the bat.
The bat misses you. x2; The bat closely misses you.
You closely miss the bat. The bat hits you. The bat misses you.
The bat hits you but does no damage.
You slash the bat!
You kill the bat!
You barely miss the scorpion.
The scorpion stings you but does no damage.
The scorpion stings you.
You barely miss the scorpion. The scorpion closely misses you.
The scorpion misses you.
You closely miss the scorpion. The scorpion stings you.
You are poisoned.
The scorpion poisons you!
You completely miss the scorpion.
You feel very sick. The scorpion stings you. x2
You closely miss the scorpion.
You feel sick. The scorpion barely misses you.
You closely miss the scorpion.
You feel sick. The scorpion stings you.
* * * LOW HITPOINT WARNING * * *
The scorpion stings you.
You die...

...#..#
#############.#..#
...#<...........#
###.##########...#
#..........†......
#.#.##########...#
#.#............>.#
#.##############.#
#@# .# #s# ## #.#
#.# #.# #.# #.#
#.#


You could see a scorpion.

Vanquished Creatures
  A dart slug (D:2)
  2 endoplasms
  2 hobgoblins (D:1)
  8 jackals (D:1)
  2 bats
15 creatures vanquished.

Vanquished Creatures (others)
  9 plants (D:1)
  5 withered plants (D:1)
14 creatures vanquished.

Grand Total: 29 creatures vanquished

Notes
Turn   | Place    | Note
-------+----------+-------------------------------------------
     0 | D:1      | n8rtot the Ogre Gladiator began the quest for the Orb.
     0 | D:1      | Reached XP level 1. HP: 22/22 MP: 1/1
    61 | D:1      | Found a faded altar of an unknown god.
    89 | D:1      | Prayed at the altar of an unknown god.
    89 | D:1      | Became a worshipper of Elyvilon the Healer
    89 | D:1      | Reached * piety under Elyvilon
   114 | D:1      | Reached XP level 2. HP: 24/29 MP: 2/2
   429 | D:1      | Reached ** piety under Elyvilon
  1079 | D:2      | Noticed a scorpion
  1093 | D:2      | Slain by a scorpion

Illustrated notes

Levels and vault maps discovered:
D:1:      matt_arrival_refuge, layout_basic,
          shapermc_ecumenical_altar_flowoftime
D:2:      layout_basic, serial_rivers, chequers_serial_rivers_micro_b,
          chequers_serial_rivers_large_b, chequers_serial_rivers_small_b,
          chequers_serial_rivers_small_b

Skill      XL: |  1  2 |
---------------+-------+-----
Dodging        | 3 |  3.2
Fighting       | |  2.8
Axes           | |  3.3
Throwing       | |  2.1

Action                   || total
-------------------------++-------
Melee: War axe           ||    54
Armor: Robe              ||    11
Dodge: Dodged            ||    28

Table legend: (Time is in decaauts)
 A = Elapsed time spent in this place.
 B = Non-inter-level travel time spent in this place.
 C = Inter-level travel time spent in this place.
 D = Time resting spent in this place.
 E = Time spent auto-exploring this place.
 F = Levels seen in this place.
 G = Mean time per level.
                   A        B        C        D        E       F      G
               +--------+--------+--------+--------+--------+-----+--------+
         Total |   1111 |   1111 |      0 |      0 |    901 |   2 |  555.5 |
       Dungeon |   1111 |   1111 |      0 |      0 |    901 |   2 |  555.5 |
               +--------+--------+--------+--------+--------+-----+--------+

Top non-repeatable levels by time:
     D:1: 1002 daAuts
     D:2: 109 daAuts
